 Dungeon Crawl Stone Soup version 0.24.0-1-gfbc8707 (webtiles) character file.

Game seed: 13190487396952577818, levelgen mode: deterministic

24840 porkupine the Blocker (level 13, 0/79 HPs)
             Began as a Gargoyle Fighter on Nov 5, 2019.
             Was the Champion of Okawaru.
             Slain by a meliai
             ... wielding a +0 hand axe
              (4 damage)
             ... on level 14 of the Dungeon.
             The game lasted 01:03:45 (12852 turns).

porkupine the Blocker (Gargoyle Fighter)           Turns: 12852, Time: 01:03:45

Health: 0/79       AC: 38    Str: 31 (32) XL:     13   Next: 15%
Magic:  16/16      EV:  8    Int:  2 (5)  God:    Okawaru [******]
Gold:   384        SH: 14    Dex: 14 (15) Spells: 12/12 levels left

rFire    . . .     SeeInvis +   b - +1 flail "Unnics" {vamp, +Rage rN+ Int-5 Dex+3}
rCold    . . .     Gourm    .   c - +0 shield
rNeg     + + .     Faith    .   m - +6 plate armour of Lesser Demons {Slay+6}
rPois    ∞         Spirit   .   l - +0 helmet
rElec    +         Reflect  .   M - +2 cloak {+Inv}
rCorr    .         Harm     .   o - +2 pair of gloves {Str+3}
MR       .....                  T - +0 pair of boots
Stlth    ..........             (no amulet)
HPRegen  0.23/turn              E - +3 ring of dexterity
MPRegen  0.15/turn              O - ring of see invisible

@: mighty
A: negative energy resistance 1, electricity resistance, unbreathing,
petrification resistance, rot immunity, AC +9
a: Heroism, Finesse, Renounce Religion, Evoke Berserk Rage, Evoke Invisibility


You were on level 14 of the Dungeon.
You worshipped Okawaru.
Okawaru was exalted by your worship.
You were not hungry.

You visited 2 branches of the dungeon, and saw 15 of its levels.

You collected 1020 gold pieces.
You spent 636 gold pieces at shops.

Inventory:

Hand Weapons
 a - the +5 spear of Eternal Vigilance {freeze, +Blink}
   (You bought it in a shop on level 9 of the Dungeon)

   It has been specially enchanted to freeze those struck by it, causing extra
   injury to most foes and up to half again as much damage against particularly
   susceptible opponents.
   It can also slow down cold-blooded creatures.
   It lets you blink.
 b - the +1 flail "Unnics" (weapon) {vamp, +Rage rN+ Int-5 Dex+3}
   (You found it on level 7 of the Dungeon)

   It inflicts no extra harm, but heals its wielder when it wounds a living foe.
   It affects your intelligence (-5).
   It affects your dexterity (+3).
   It protects you from negative energy.
   It lets you go berserk.
Missiles
 e - 24 boomerangs
 z - 51 poisoned darts (quivered)
 J - 8 curare-tipped darts
Armour
 c - a +0 shield (worn)
 l - a +0 helmet (worn)
 m - the +6 plate armour of Lesser Demons (worn) {Slay+6}
   (Okawaru gifted it to you on level 10 of the Dungeon)

   It affects your accuracy and damage with ranged weapons and melee attacks
   (+6).
 o - a +2 pair of gloves of strength (worn)
 M - a +2 cloak of invisibility (worn)
 T - a +0 pair of boots (worn)
Jewellery
 E - a +3 ring of dexterity (left hand)
 O - a ring of see invisible (right hand)
Wands
 g - a wand of random effects (19)
 C - a wand of disintegration (2)
 L - a wand of digging (3)
 W - a wand of iceblast (7)
Scrolls
 k - 11 scrolls of remove curse
 n - 6 scrolls of amnesia
 q - 15 scrolls of identify
 r - 4 scrolls of enchant weapon
 u - 2 scrolls of teleportation
 w - 3 scrolls of fog
 y - a scroll of immolation {unknown}
 I - 2 scrolls of magic mapping
 P - a scroll of summoning {unknown}
 Q - a scroll of brand weapon
 S - a scroll of blinking {unknown}
 U - a scroll of fear {unknown}
Potions
 d - 3 potions of might
 h - 2 potions of flight
 i - 2 potions of ambrosia {unknown}
 j - 2 potions of degeneration
 p - 3 potions of lignification {unknown}
 s - 3 potions of agility {unknown}
 v - 2 potions of haste {unknown}
 x - 2 potions of cancellation {unknown}
 A - 3 potions of brilliance
 B - 4 potions of curing
 K - a potion of magic {unknown}
 N - 2 potions of heal wounds {unknown}
Comestibles
 f - 29 rations
 X - 2 chunks of flesh


   Skills:
 + Level 8.4 Fighting
   Level 5.2 Long Blades
 + Level 12.4 Maces & Flails
 + Level 3.5 Polearms
 + Level 0.4 Throwing
 + Level 8.5 Armour
 + Level 1.7 Dodging
 + Level 0.8 Stealth
 + Level 12.5 Shields
 * Level 4.9 Invocations
 + Level 3.7 Evocations


You had 12 spell levels left.
You didn't know any spells.
Your spell library contained the following spells:

 Spells                   Type           Power        Failure   Level  Hunger
 Flame Tongue             Conj/Fire      #....        100%        1    ##.....
 Throw Flame              Conj/Fire      #.....       100%        2    ###....
 Conjure Flame            Conj/Fire      #.......     100%        3    ####...
 Inner Flame              Hex/Fire       #.......     100%        3    ####...
 Lesser Beckoning         Tloc           #.........   100%        3    ####...
 Portal Projectile        Hex/Tloc       #.....       100%        3    ####...
 Static Discharge         Conj/Air       #.......     100%        3    ####...
 Teleport Other           Tloc           #.......     100%        3    ####...
 Sticky Flame             Conj/Fire      #.......     100%        4    #####..
 Fireball                 Conj/Fire      #.........   100%        5    ######.
 Irradiate                Conj/Tmut      #.........   100%        5    ######.


Dungeon Overview and Level Annotations

Branches:
Dungeon (14/15)            Temple (1/1) D:5            Lair (0/6) D:8
    Orc (0/2) D:10
 Vaults: D:13-14

Altars:
Ashenzari
Cheibriados
Gozag
Hepliaklqana
Kikubaaqudgha
Makhleb
Nemelex Xobeh
Okawaru
Ru
Trog
Uskayaw
Vehumet
Yredelemnul

Shops:
D:9 (*?*


Innate Abilities, Weirdness & Mutations

You are resistant to torment.
Your stone body is resilient. (AC +9)
You are immune to poison.
You resist negative energy. (rN+)
You are resistant to electric shocks. (rElec)
You can survive without breathing.
You are immune to petrification.
You are immune to rotting.


Message History

The meliai mumbles some strange prayers to its god against you.
Something smites you!
* * * LOW HITPOINT WARNING * * *
You block the meliai's attack. x3
The meliai stings you but does no damage.
The meliai hits you but does no damage.
The meliai stings you but does no damage.
Your plate armour of Lesser Demons prevents you from hitting the meliai.
The meliai is lightly wounded.
The meliai calls down the wrath of its god upon you.
Something smites you!
* * * LOW HITPOINT WARNING * * *
You block the meliai's attack. x2
The meliai calls upon its god to heal the meliai.
The meliai's wounds heal themselves!
It was a potion of degeneration.
There was something very wrong with that liquid.
You feel weakened.
You feel dopey.
You feel clumsy. You block the meliai's attack. The meliai stings you.
You die...

..######'###......#
.......≈†.........#
..................#
..................#
..................#
..................#
..................#
..................#
................@y#
..##.....########y######
###########....#.y.....#
...............#.......#
...............#.......#...
..>.......................y
............)).≈≈≈≈.....≈≈≈
...........(()≈≈≈≈≈≈...≈≈≈≈
.........###.≈≈≈≈≈≈≈...≈≈≈≈


You could see 3 meliai.

Vanquished Creatures
  Nessos (D:14)
  Erolcha (D:11)
  A hydra (D:13)
  Harold (D:8)
  Fannar (D:10)
  4 two-headed ogres
  A centaur warrior (D:14)
  An orc knight (D:13)
  A wolf spider (D:12)
  5 ugly things
  2 cyclopes
  2 manticores
  A centaur zombie (D:12)
  An eye of devastation (shapeshifter) (D:13)
  A gargoyle (D:14)
  6 trolls
  A queen bee (D:9)
  A queen bee (shapeshifter) (D:14)
  5 hippogriffs
  Prince Ribbit (D:8)
  6 yaks
  A wyvern (D:12)
  A hungry ghost (D:13)
  A basilisk (D:13)
  Grum (D:8)
  An acid dragon (D:13)
  3 sky beasts
  5 orc warriors
  A necrophage (D:12)
  3 ice beasts
  3 phantoms
  A black bear (D:8)
  3 wolves (D:8)
  An eye of draining (D:8)
  13 centaurs
  8 ogres
  3 crocodiles
  11 bullfrogs
  A gnoll sergeant (D:7)
  3 scorpions
  A wyvern skeleton (D:12)
  32 killer bees
  5 wights
  5 crimson imps
  3 howler monkeys
  2 bullfrog zombies
  A quasit (D:6)
  2 hounds
  15 orc wizards
  7 orc priests
  3 jellies
  2 centaur skeletons
  3 iguanas
  9 worker ants
  A hound zombie (D:6)
  A hound skeleton (D:5)
  A worker ant zombie (D:10)
  4 gnolls
  15 adders
  6 shadow imps
  An ooze (D:2)
  An adder skeleton (D:10)
  A dart slug (D:1)
  12 leopard geckos
  66 orcs
  7 bats
  5 giant cockroaches
  7 goblins
  4 hobgoblins
  11 jackals
  8 quokkas
  3 ball pythons
  3 frilled lizards
  5 kobolds
  A leopard gecko zombie (D:7)
  A quokka skeleton (D:8)
  8 rats
370 creatures vanquished.

Vanquished Creatures (others)
  An orc wizard (D:3)
1 creature vanquished.

Grand Total: 371 creatures vanquished

Notes
Turn   | Place    | Note
-------+----------+-------------------------------------------
     0 | D:1      | porkupine the Gargoyle Fighter began the quest for the Orb.
     0 | D:1      | Reached XP level 1. HP: 14/14 MP: 1/1
    60 | D:1      | Reached XP level 2. HP: 14/19 MP: 2/2
   317 | D:1      | Reached XP level 3. HP: 12/23 MP: 3/3
  1213 | D:2      | Reached XP level 4. HP: 27/28 MP: 4/4
  1784 | D:3      | Reached XP level 5. HP: 19/33 MP: 5/5
  2101 | D:3      | Reached skill level 5 in Shields
  2101 | D:3      | Reached XP level 6. HP: 24/38 MP: 6/6
  2343 | D:3      | Found a sacrificial altar of Ru.
  2609 | D:4      | Noticed a phantom
  2645 | D:4      | Killed a phantom
  2645 | D:4      | Reached skill level 1 in Long Blades
  3113 | D:5      | Entered Level 5 of the Dungeon
  3123 | D:5      | Reached XP level 7. HP: 33/43 MP: 7/7
  3275 | D:5      | Found a staircase to the Ecumenical Temple.
  3639 | D:5      | Reached skill level 1 in Dodging
  3649 | D:5      | Reached XP level 8. HP: 24/48 MP: 8/8
  3805 | D:5      | Found a sparkling altar of Nemelex Xobeh.
  3877 | D:5      | Reached skill level 5 in Armour
  4623 | Temple   | Entered the Ecumenical Temple
  4719 | Temple   | Became a worshipper of Warmaster Okawaru
  4764 | D:6      | Found a hide-covered altar of Uskayaw.
  6174 | D:7      | Reached XP level 9. HP: 45/53 MP: 9/9
  6219 | D:7      | Reached skill level 5 in Long Blades
  6247 | D:7      | Reached skill level 5 in Fighting
  6319 | D:7      | Reached * piety under Okawaru
  6324 | D:7      | Got a slimy flail
  6325 | D:7      | Identified the cursed +1 flail "Unnics" {vamp, +Rage rN+
                  | Int-5 Dex+3} (You found it on level 7 of the Dungeon)
  6755 | D:8      | Reached skill level 1 in Polearms
  6761 | D:8      | Noticed Harold
  6783 | D:8      | Killed Harold
  6783 | D:8      | Reached ** piety under Okawaru
  6783 | D:8      | Reached skill level 5 in Maces & Flails
  7070 | D:8      | Reached XP level 10. HP: 51/59 MP: 10/10
  7138 | D:8      | Found a staircase to the Lair.
  7140 | D:8      | Noticed Grum
  7204 | D:8      | Killed Grum
  7204 | D:8      | Reached *** piety under Okawaru
  7222 | D:8      | Received a gift from Okawaru
  7570 | D:8      | Reached skill level 10 in Shields
  7770 | D:8      | Noticed Prince Ribbit
  7781 | D:8      | Killed Prince Ribbit
  7976 | D:9      | Found Vealiy's Magic Scroll Boutique.
  7987 | D:9      | Bought a scroll of enchant armour for 105 gold pieces
  7987 | D:9      | Bought a scroll of noise for 14 gold pieces
  8156 | D:9      | Found Fitint's Assorted Antiques.
  8166 | D:9      | Bought a runed cloak for 277 gold pieces
  8236 | D:9      | Reached **** piety under Okawaru
  8527 | D:9      | Found Badoi's Antique Weapon Shoppe.
  8707 | D:9      | Reached XP level 11. HP: 41/64 MP: 11/11
  8774 | D:9      | Found Ecutitz's General Store.
  8916 | D:10     | Entered Level 10 of the Dungeon
  8963 | D:10     | Noticed Fannar
  9028 | D:10     | Killed Fannar
  9028 | D:10     | Reached ***** piety under Okawaru
  9028 | D:10     | Reached skill level 1 in Evocations
  9093 | D:10     | Noticed a two-headed ogre
  9098 | D:10     | Reached skill level 10 in Maces & Flails
  9112 | D:10     | Killed a two-headed ogre
  9357 | D:10     | Received a gift from Okawaru
  9360 | D:10     | Got a smelly plate armour {god gift}
  9371 | D:10     | Identified the +6 plate armour of Lesser Demons {Slay+6}
                  | (Okawaru gifted it to you on level 10 of the Dungeon)
  9631 | D:10     | Found a staircase to the Orcish Mines.
  9779 | D:11     | Noticed a white ugly thing
  9791 | D:11     | Killed a white ugly thing
  9795 | D:11     | Noticed a two-headed ogre
  9804 | D:11     | Killed a two-headed ogre
  9888 | D:11     | Noticed a two-headed ogre
  9898 | D:11     | Killed a two-headed ogre
  9986 | D:9      | Bought an encrusted spear for 240 gold pieces
  9987 | D:9      | Identified the +5 spear of Eternal Vigilance {freeze,
                  | +Blink} (You bought it in a shop on level 9 of the Dungeon)
 10095 | D:11     | Noticed Erolcha
 10116 | D:11     | Killed Erolcha
 10672 | D:12     | Noticed a manticore
 10683 | D:12     | Killed a manticore
 10683 | D:12     | Reached XP level 12. HP: 61/72 MP: 14/14
 10778 | D:12     | Found a basalt altar of Yredelemnul.
 11324 | D:12     | Reached skill level 1 in Invocations
 11449 | D:13     | Noticed a two-headed ogre
 11464 | D:13     | Killed a two-headed ogre
 11557 | D:13     | Reached ****** piety under Okawaru
 11662 | D:13     | Received a gift from Okawaru
 11671 | D:13     | Got a jewelled glaive {god gift}
 11693 | D:13     | Identified the +2 glaive of Rotation {chop, +Inv MR- Dex+2}
                  | (Okawaru gifted it to you on level 13 of the Dungeon)
 11984 | D:13     | Identified Oreliytt's Disquisition on Hurtful Translocation
 12082 | D:13     | Noticed a four-headed hydra
 12093 | D:13     | Killed a four-headed hydra
 12568 | D:14     | Noticed Nessos
 12596 | D:14     | Killed Nessos
 12596 | D:14     | Reached XP level 13. HP: 51/79 MP: 16/16
 12745 | D:14     | Noticed a vault guard
 12835 | D:14     | Noticed a vault guard
 12852 | D:14     | Slain by a meliai

Levels and vault maps discovered:
D:1:      psy_arrival_fountain, layout_basic
D:2:      layout_rooms
D:3:      layout_rooms, first_ration, nicolae_ru_the_path_less_chosen
D:4:      layout_basic
D:5:      layout_loops_cross, minmay_temple_entry_from_below_b,
          nemelex_spade_bored_becter
D:6:      layout_layer_cave, eat_drink_and_be_merry_uskayaw,
          minmay_misc_feat_plants
D:7:      layout_cave_pools
D:8:      layout_gridville, david_lair_generic, uniq_prince_ribbit1, uniq_grum,
          uniq_harold
D:9:      layout_loops_corners, serial_shops,
          nicolae_shop_temple_entry_statues_fountains, shop, kennysheep_mini,
          shop, david_nohive_1
D:10:     layout_cave_pools, hiddenorc2_lemuel, uniq_fannar
D:11:     layout_roguey, uniq_erolcha
D:12:     layout_cave_pods, basic_altar, serial_park, serial_park_tiny_1,
          serial_park_paths [serial_park_minivault_5x5_1], serial_park_square3
          [serial_park_minivault_5x5_7], serial_park_square2,
          serial_park_tiny_pond
D:13:     layout_gridville
D:14:     layout_stronghold, grunt_vaults_entry_fortified, enter_trove_2,
          lemuel_statue_altar, minmay_fractal_squares_diagonal_5, uniq_kirke,
          uniq_nessos
Temple:   roderic_octagonal_lattice_temple

Skill      XL: |  1  2  3  4  5  6  7  8  9 10 11 12 |
---------------+-------------------------------------+-----
Shields        | 4 5 6 7 9 10 11 12 | 12.5
Maces & Flails | 3 6 9 11 12 | 12.4
Armour         | 4 6 7 8 |  8.5
Fighting       | 4 5 6 7 8 |  8.4
Long Blades    | 2 3 4 5 |  5.2
Dodging        | 1 |  1.7
Polearms       | 1 2 3 |  3.5
Evocations     | 3 |  3.7
Invocations    | 4 |  4.9
Throwing       | |  0.4
Stealth        | |  0.8

Action                   |  1- 3 |  4- 6 |  7- 9 | 10-12 | 13-15 || total
-------------------------+-------+-------+-------+-------+-------++-------
Melee: Flail             |   171 |    88 |   117 |  1092 |    32 ||  1500
       Falchion          |       |   116 |   372 |       |       ||   488
       Spear             |       |       |    38 |    69 |     1 ||   108
Throw: Dart              |       |       |       |     6 |       ||     6
 Abil: Evoke Berserk Rag |       |       |       |     2 |       ||     2
Evoke: Wand              |       |       |     2 |     3 |     1 ||     6
  Use: Scroll            |     1 |     2 |     2 |     9 |       ||    14
       Potion            |       |       |     1 |     3 |     2 ||     6
  Eat: Chunk             |     1 |     4 |    12 |    20 |     1 ||    38
       Ration            |       |     1 |       |     2 |       ||     3
Armor: Scale mail        |    61 |       |       |       |       ||    61
       Plate armour      |   146 |   203 |   449 |   732 |    28 ||  1558
Dodge: Dodged            |    63 |    57 |   137 |   322 |    15 ||   594
Block: Shield            |   146 |   124 |   341 |   916 |    47 ||  1574
       Rpst.: Falchion   |       |     9 |    19 |       |       ||    28
